 Dungeon Crawl Stone Soup version 0.31-a0-230-g09eb5fc4d3 (webtiles) character file.

Game seed: 309764598619261577

130 qw the Shooter (level 4, -4/37 HPs)
             Began as a Minotaur Hexslinger on July 6, 2023.
             Slain by a black bear (5 damage)
             ... on level 4 of the Dungeon.
             The game lasted 00:00:56 (2740 turns).

qw the Shooter (Minotaur Hexslinger)                Turns: 2740, Time: 00:00:56

Health: -4/37      AC:  6    Str: 12    XL:     4   Next: 89%
Magic:  0/4        EV: 12    Int: 10    God:
Gold:   115        SH:  0    Dex: 15    Spells: 4/5 levels left

rFire   . . .        Y - +2 sling
rCold   . . .        (no shield)
rNeg    . . .        e - +0 leather armour
rPois   +            (helmet restricted)
rElec   .            i - +0 cloak
rCorr   .            f - +0 pair of gloves
SInv    .            k - +0 pair of boots
Will    .....        c - amulet of guardian spirit
Stlth   +            j - ring of poison resistance
HPRegen 0.26/turn    (no ring)
MPRegen 0.09/turn

%: guardian spirit
@: about to teleport
A: horns 2, retaliatory headbutt
a: no special abilities


You were on level 4 of the Dungeon.
You visited 1 branch of the dungeon, and saw 4 of its levels.

You collected 115 gold pieces.


Innate Abilities, Weirdness & Mutations

You have a pair of horns on your head.
You reflexively headbutt those who attack you in melee.


   Skills:
 + Level 2.8 Fighting
 - Level 5.0 Ranged Weapons
 - Level 1.0 Armour
 - Level 2.1 Dodging
 - Level 1.0 Spellcasting
 - Level 2.0 Hexes


You had 4 spell levels left.
You knew the following spells:

 Your Spells              Type           Power      Damage    Failure   Level
a - Slow                  Hex            16%        N/A       19%         1

Your spell library contained the following spells:

 Spells                   Type           Power      Damage    Failure   Level
 Inner Flame              Hex/Fire       2%         N/A       65%         3
 Portal Projectile        Hex/Tloc       4%         N/A       65%         3
 Cause Fear               Hex            2%         N/A       88%         4

Inventory:

Hand Weapons
 Y - a +2 sling (weapon)
Armour
 e - a +0 leather armour (worn)
 f - a +0 pair of gloves (worn)
 i - a +0 cloak (worn)
 k - a +0 pair of boots (worn)
Jewellery
 c - an amulet of guardian spirit (around neck)
 j - a ring of poison resistance (left hand)
Scrolls
 a - a scroll of teleportation
 b - 2 scrolls of identify
 g - a scroll of amnesia {unknown}
Potions
 d - a potion of resistance
 h - a potion of curing

Dungeon Overview and Level Annotations

Branches:
Dungeon (4/15)
 Temple: D:4-7

Altars:
Hepliaklqana
Uskayaw

Annotations:
D:4 Robin


Message History

Robin is moderately wounded.
Robin closely misses you.
You shoot a sling bullet. The sling bullet hits Robin.
Robin is heavily wounded.
Robin barely misses you.
Robin hits you from afar with a +0 trident.
You shoot a sling bullet. The sling bullet barely misses Robin.
The sling bullet hits the black bear.
The black bear is lightly wounded.
Robin hits you but does no damage.
You shoot a sling bullet. The sling bullet hits Robin.
Robin is heavily wounded.
Robin hits you from afar with a +0 trident.
You shoot a sling bullet. The sling bullet hits the black bear.
The black bear is moderately wounded.
Robin closely misses you. The black bear bites you!
The black bear claws you but does no damage.
The black bear barely misses you.
You shoot a sling bullet. The sling bullet hits the black bear.
The black bear is heavily wounded.
Robin hits you from afar with a +0 trident.
The black bear bites you. The black bear barely misses you.
The black bear claws you but does no damage.
You shoot a sling bullet.
The sling bullet barely misses the black bear.
The sling bullet hits Robin.
Robin is severely wounded.
Robin hits you but does no damage. The black bear bites you.
The black bear misses you. The black bear claws you. The black bear bites you.
The black bear barely misses you. The black bear claws you.
Robin barely misses you.
2739 ||| READING 2 scrolls of teleportation.
As you read the scroll of teleportation, it crumbles to dust.
You feel strangely unstable. Robin barely misses you. The black bear bites you.
The black bear claws you.
The black bear claws you but does no damage.
You shoot a sling bullet. The sling bullet hits the black bear.
The black bear is heavily wounded.
Robin hits you but does no damage. The black bear bites you.
You die...

### ##.## ##...##
# ####.)...#.####.
#.))%)..@hg.....
#.##..)..#.####.
#####.###...#...#
#......###.#.....#
#.###..######...##
#.......# #.##
#..##...# .#
#.......# .#
#...##..#


You could see a black bear and Robin.

Vanquished Creatures
  Jessica (D:3)
  3 adders (D:2)
  5 dart slugs
  5 orcs
  6 bats
  An endoplasm (D:1)
  8 goblins
  8 hobgoblins
  5 jackals
  4 quokkas
  6 ball pythons
  4 frilled lizards
  A kobold (D:3)
  2 rats
59 creatures vanquished.

Notes
Turn   | Place    | Note
-------+----------+-------------------------------------------
     0 | D:1      | qw the Minotaur Hexslinger began the quest for the Orb.
     0 | D:1      | Reached XP level 1. HP: 16/16 MP: 1/1
     0 | D:1      | 0 ||| qw: Version: 0.3-a-46-gb1f654a
     0 | D:1      | 0 ||| qw: Game counter: 1781
     0 | D:1      | 0 ||| qw: Melee chars always use a shield: true
     0 | D:1      | 0 ||| qw: God list: Okawaru
     0 | D:1      | 0 ||| qw: Allow faded altars: false
     0 | D:1      | 0 ||| qw: Do Orc after clearing Dungeon:15 true
     0 | D:1      | 0 ||| qw: Do second Lair branch before Depths: true
     0 | D:1      | 0 ||| qw: Lair rune preference: random
     0 | D:1      | 0 ||| qw: Goals: Normal
     0 | D:1      | 0 ||| PLANNING D:1-11
   298 | D:1      | Reached skill level 3 in Ranged Weapons
   298 | D:1      | Reached XP level 2. HP: 23/23 MP: 2/2
   534 | D:1      | 534 ||| FLEEEEING.
   535 | D:1      | 535 ||| FLEEEEING.
   536 | D:1      | 536 ||| FLEEEEING.
   537 | D:1      | 537 ||| FLEEEEING.
   538 | D:1      | 538 ||| FLEEEEING.
   539 | D:1      | 539 ||| FLEEEEING.
   540 | D:1      | 540 ||| FLEEEEING.
   541 | D:1      | 541 ||| FLEEEEING.
   542 | D:1      | 542 ||| FLEEEEING.
   543 | D:1      | 543 ||| FLEEEEING.
   544 | D:1      | 544 ||| FLEEEEING.
   546 | D:1      | 546 ||| FLEEEEING.
   547 | D:1      | 547 ||| FLEEEEING.
   549 | D:1      | 549 ||| FLEEEEING.
   551 | D:1      | 551 ||| FLEEEEING.
   552 | D:1      | 552 ||| FLEEEEING.
   688 | D:1      | 688 ||| UPGRADING to +0 leather armour.
   698 | D:1      | 698 ||| DROPPING +0 robe.
   699 | D:1      | 699 ||| UPGRADING to +0 pair of gloves.
   704 | D:1      | 704 ||| UPGRADING to +0 cloak.
   709 | D:1      | 709 ||| READING scroll labelled KAHEYZX MUEKI.
   710 | D:1      | 710 ||| READING scroll labelled IFYORA PEHEO.
   711 | D:1      | 711 ||| DROPPING scroll of poison.
   960 | D:2      | Reached XP level 3. HP: 29/29 MP: 3/3
  1211 | D:2      | Reached skill level 4 in Ranged Weapons
  1565 | D:2      | 1565 ||| UPGRADING to amulet of guardian spirit.
  1570 | D:2      | 1570 ||| READING 2 scrolls labelled JOGUTEIS SARETE.
  1574 | D:2      | 1574 ||| READING scroll labelled NIUPRE ZEBB.
  1575 | D:2      | 1575 ||| DRINKING 2 metallic amethyst potions.
  1629 | D:2      | 1629 ||| READING 2 scrolls of identify.
  1629 | D:2      | 1629 ||| IDENTIFYING amethyst potion
  1630 | D:2      | 1630 ||| DROPPING potion of lignification.
  1749 | D:3      | Reached XP level 4. HP: 36/36 MP: 4/4
  1828 | D:3      | Noticed Jessica
  1837 | D:3      | Killed Jessica
  1847 | D:3      | 1847 ||| FLEEEEING.
  1848 | D:3      | 1848 ||| FLEEEEING.
  1854 | D:3      | 1854 ||| STAIRDANCE
  1877 | D:2      | 1877 ||| READING scroll labelled HUGEABB DEOFF.
  2101 | D:3      | Reached skill level 5 in Ranged Weapons
  2199 | D:3      | Found a hazy altar of Hepliaklqana.
  2200 | D:3      | Found a hide-covered altar of Uskayaw.
  2526 | D:3      | 2526 ||| UPGRADING to +0 pair of boots.
  2531 | D:3      | 2531 ||| UPGRADING to ring of poison resistance.
  2532 | D:3      | 2532 ||| READING 4 scrolls of identify.
  2532 | D:3      | 2532 ||| IDENTIFYING fuming blue potion
  2533 | D:3      | 2533 ||| READING 3 scrolls of identify.
  2533 | D:3      | 2533 ||| IDENTIFYING fizzy golden potion
  2534 | D:3      | 2534 ||| DROPPING potion of brilliance.
  2617 | D:4      | Reached skill level 1 in Armour
  2727 | D:4      | Noticed Robin
  2730 | D:4      | Noticed a black bear
  2738 | D:4      | HP: 9/37 [black bear (1)]
  2739 | D:4      | 2739 ||| READING 2 scrolls of teleportation.
  2739 | D:4      | HP: 1/37 [black bear (4)]
  2740 | D:4      | Slain by a black bear

Levels and vault maps discovered:
D:1:      grunt_arrival_lava_bath, layout_basic, dreamdust_princess_bridge
D:2:      layout_loops_corners, grunt_decor_cap
D:3:      layout_loops_cross, grunt_temple_overflow_open, minivault_23,
          minmay_door_square, uniq_jessica
D:4:      layout_loops_corners, minmay_temple_entry_nine_rooms, uniq_duvessa,
          uniq_robin

Skill      XL: |  1  2  3  4 |
---------------+-------------+-----
Ranged Weapons | 3 4 5 |  5.0
Fighting       | 2 |  2.8
Armour         | 1 |  1.0
Dodging        | |  2.1
Spellcasting   | |  1.0
Hexes          | |  2.0

Action                     |  1- 3 |  4- 6 || total
---------------------------+-------+-------++-------
   Fire: Sling             |    96 |    93 ||   189
    Use: Scroll            |     5 |     4 ||     9
         Potion            |     1 |       ||     1
 Armour: Robe              |     4 |       ||     4
         Leather armour    |    11 |    20 ||    31
  Dodge: Dodged            |    25 |    28 ||    53

Table legend:
 A = Non-vault XP
 B = Vault XP
 C = Vault XP percentage of total XP
 D = Non-vault monster count
 E = Vault monster count
 F = Vault count percentage of total count
                 A         B        C        D         E       F
            +---------+---------+-------+---------+---------+-------
      Total |     132 |      54 |  29.0 |      49 |      10 |  16.9
            +---------+---------+-------+---------+---------+-------
        D:1 |      37 |       0 |   0.0 |      20 |       0 |   0.0
        D:2 |      48 |       0 |   0.0 |       9 |       0 |   0.0
        D:3 |      33 |      37 |  52.9 |      14 |       1 |   6.7
        D:4 |      14 |      17 |  54.8 |       6 |       9 |  60.0
            +---------+---------+-------+---------+---------+-------
